 Dungeon Crawl Stone Soup version 0.19.1-1-g22dce08 (webtiles) character file.

89 Alarkh the Grave Robber (level 4, 0/30 HPs)
             Began as a Mummy Necromancer on Jan 2, 2017.
             Slain by a polar bear (1 damage)
             ... created by the rage of Trog
             ... on level 2 of the Dungeon.
             The game lasted 00:03:03 (2599 turns).

Alarkh the Grave Robber (Mummy Necromancer)         Turns: 2599, Time: 00:03:04

Health: 0/30       AC:  2    Str: 10 (11) XL:     4   Next: 31%
Magic:  7/8        EV: 12    Int: 15      God:
Gold:   68         SH:  0    Dex: 12      Spells: 2 memorised, 5 levels left

rFire  x . .     SeeInvis .     c - +0 short sword
rCold  + . .     Gourm    .     a - +0 robe
rNeg   + + +     Faith    .     (no shield)
rPois  ∞         Spirit   .     (no helmet)
rElec  .         Reflect  .     (no cloak)
rCorr  .         Harm     .     (no gloves)
MR     .....                    (no boots)
Stlth  ++........               (no amulet)
                                (no ring)
                                f - ring of wizardry

@: no status effects
A: no food or potions, fire vulnerability, cold resistance 1, negative energy
resistance 3, torment resistance, unbreathing
a: no special abilities


You were on level 2 of the Dungeon.
You were not hungry.

You visited 1 branch of the dungeon, and saw 3 of its levels.

You collected 68 gold pieces.

Inventory:

Hand Weapons
 c - a +0 short sword (weapon)
Armour
 a - a +0 robe (worn)
Jewellery
 f - a ring of wizardry (left hand)
Scrolls
 d - 2 scrolls of enchant weapon
 e - a scroll of identify
 g - a scroll of random uselessness
 h - a scroll of teleportation {unknown}
 i - a scroll of enchant armour {unknown}
Books
 b - a book of Necromancy

   Spells                             Type                      Level
   a - Pain                           Necromancy                   1
   b - Animate Skeleton               Necromancy                   1
   c - Vampiric Draining              Necromancy                   3
   d - Regeneration                   Charms/Necromancy            3
   e - Animate Dead                   Necromancy                   4
   f - Control Undead                 Necromancy                   4


   Skills:
 - Level 1.5 Dodging
 - Level 1.5 Stealth
 + Level 3.2 Spellcasting
 + Level 5.0 Necromancy


You had 5 spell levels left.
You knew the following spells:

 Your Spells              Type           Power        Failure   Level  Hunger
a - Pain                  Necr           ###.         1%          1    N/A
b - Vampiric Draining     Necr           ###.......   4%          3    N/A

Dungeon Overview and Level Annotations

Branches:
Dungeon (3/15)

Altars:
Trog


Innate Abilities, Weirdness & Mutations

You do not eat or drink.
Your flesh is vulnerable to fire.
You are immune to poison.
Your flesh is cold resistant. (rC+)
You are immune to negative energy. (rN+++)
You are immune to unholy pain and torment.
You can survive without breathing.


Message History

The black bear rages.
You hear an angry growl.
The polar bear barely misses you. x2
The polar bear claws you but does no damage.
You hear an angry growl.
The polar bear bites you! The polar bear claws you.
* * * LOW HITPOINT WARNING * * *
The polar bear claws you but does no damage.
The black bear rages.
You hear an angry growl.
The polar bear rages.
The polar bear bites you.
* * * LOW HITPOINT WARNING * * *
The polar bear closely misses you. The polar bear claws you.
* * * LOW HITPOINT WARNING * * *
You hear an angry growl.
The polar bear bites you.
* * * LOW HITPOINT WARNING * * *
The polar bear barely misses you. The polar bear claws you.
You die...

#.....##.#########.# #..# #
#.#....#.##### #.# #..# #
#.#[.........# #.# #..#
######.##...#.h.#.# #.# #..#
##.....###..###.#.# #.# #..#
##.##### ##.# #h#.# #.####..#
)#.# #.# #h#.#####.##....# ...#
#.# #h#.#.>........## ...# #.#
#.@.......##.### #..# #.#
#...#.######.# #..# #.# #...#.#
#.# ...# ###.###...#!# #.# #.##
#.........#.# #.# ## #.##
#.#.###.#.#.######.#####.
.#.######.#†###.#...........>.>(.
###.##....#..........#####.######
# ##....#######.###..#####.#


You could see 2 polar bears and 2 black bears.

Vanquished Creatures
  Jessica (D:2)
  3 worms
  2 dart slugs
  A leopard gecko (D:1)
  An orc (D:2)
  5 giant cockroaches
  5 goblins
  3 hobgoblins (D:1)
  7 jackals
  6 bats
  4 frilled lizards (D:1)
  4 kobolds
  4 rats
46 creatures vanquished.

Notes
Turn   | Place    | Note
-------+----------+-------------------------------------------
     0 | D:1      | Alarkh the Mummy Necromancer began the quest for the Orb.
     0 | D:1      | Reached XP level 1. HP: 13/13 MP: 3/3
   351 | D:1      | Reached XP level 2. HP: 13/19 MP: 1/5
   711 | D:1      | Reached XP level 3. HP: 24/24 MP: 2/7
   716 | D:1      | Learned a level 3 spell: Vampiric Draining
  1301 | D:2      | Noticed Jessica
  1380 | D:2      | Killed Jessica
  1380 | D:2      | Reached XP level 4. HP: 30/30 MP: 2/8
  1503 | D:2      | Found a faded altar of an unknown god.
  1516 | D:2      | Became a worshipper of Trog the Wrathful
  1516 | D:2      | Reached * piety under Trog
  1517 | D:2      | Fell from the grace of Trog
  1815 | D:2      | Reached skill level 5 in Necromancy
  2070 | D:3      | HP: 1/30 [orc priest/divine providence (13)]
  2583 | D:2      | Noticed a polar bear
  2583 | D:2      | Noticed a black bear
  2583 | D:2      | Noticed a black bear
  2583 | D:2      | Noticed a polar bear
  2597 | D:2      | HP: 1/30 [polar bear[the rage of Trog] (1)]
  2599 | D:2      | Slain by a polar bear

Skill      XL: |  1  2  3  4 |
---------------+-------------+-----
Spellcasting   | 3 |  3.2
Necromancy     | 5 |  5.0
Dodging        | |  1.5
Stealth        | |  1.5

Action                   |  1- 3 |  4- 6 || total
-------------------------+-------+-------++-------
Melee: Short sword       |    19 |    25 ||    44
       Unarmed           |     7 |       ||     7
 Cast: Pain              |    55 |    48 ||   103
Invok: Renounce Religion |       |     1 ||     1
  Use: Scroll            |     1 |     1 ||     2
 Stab: Sleeping          |       |     2 ||     2
Armor: Robe              |     7 |    14 ||    21
Dodge: Dodged            |    23 |    40 ||    63
